 Dungeon Crawl Stone Soup version 0.26-a0-1184-g95e395e029 (webtiles) character file.

Game seed: 2788315809531366941

10005 Marmelada11 the Zephyrmancer (level 11, 0/64 HPs)
             Began as a Tengu Air Elementalist on Dec 27, 2020.
             Was an Initiate of Gozag.
             Slain by a vampire mosquito (11 damage)
             ... on level 11 of the Dungeon.
             The game lasted 00:29:38 (17026 turns).

Marmelada11 the Zephyrmancer (TeAE)                Turns: 17026, Time: 00:29:38

Health: 0/64       AC:  3    Str: 10    XL:     11   Next: 55%
Magic:  16/24      EV: 15    Int: 18    God:    Gozag
Gold:   1624       SH:  0    Dex: 14    Spells: 15/27 levels left

rFire    . . .     SeeInvis .   c - +2 dagger (venom)
rCold    . . .     Faith    .   (no shield)
rNeg     . . .     Spirit   .   a - +0 robe
rPois    .         Reflect  .   (helmet restricted)
rElec    .         Harm     .   (no cloak)
rCorr    .         Rampage  .   g - +0 pair of gloves
Will     .....                  (boots unavailable)
Stlth    ++........             (no amulet)
HPRegen  0.20/turn              (no ring)
MPRegen  0.19/turn              (no ring)

@: about to teleport, gold aura, flying quickly and evasively, quick
A: beak, talons 3, able to fly
a: Stop Flying, Renounce Religion, Potion Petition, Call Merchant, Bribe Branch


You were on level 11 of the Dungeon.
You worshipped Gozag.
Gozag was most pleased with you.
You visited 2 branches of the dungeon, and saw 12 of its levels.

You collected 1722 gold pieces.
You paid 98 gold pieces to Gozag.

Inventory:

Hand Weapons
 c - a +2 dagger of venom (weapon)
Armour
 a - a +0 robe (worn)
 g - a +0 pair of gloves (worn)
Magical Staves
 v - an uncursed staff of fire
Jewellery
 i - a cursed ring of fire
 j - an uncursed ring of ice
 u - an uncursed ring of flight
 B - a cursed amulet of inaccuracy
 D - an uncursed amulet of faith {unknown}
 K - an uncursed ring of fire
Wands
 o - a wand of polymorph (4)
 q - a wand of flame (60)
 C - a wand of random effects (18)
 F - a wand of paralysis (7)
Scrolls
 f - 2 scrolls of immolation
 h - 5 scrolls of remove curse
 k - 2 scrolls of teleportation
 l - 3 scrolls of amnesia {unknown}
 y - 2 scrolls of fear
 E - 8 scrolls of identify
 G - 2 scrolls of fog {unknown}
 H - 2 scrolls of enchant weapon {unknown}
Potions
 b - 2 potions of heal wounds
 d - 3 potions of degeneration
 e - 2 potions of might
 m - a potion of ambrosia
 n - 4 potions of attraction
 p - 2 potions of brilliance
 r - 6 potions of magic
 s - 2 potions of curing
 t - 2 potions of berserk rage
 w - a potion of lignification
 x - 2 potions of mutation
 z - 3 potions of invisibility
 A - 2 potions of haste
 I - 3 potions of flight {unknown}


   Skills:
 + Level 5.6 Fighting
 - Level 2.1 Dodging
 - Level 2.0 Stealth
 + Level 8.6 Spellcasting
 - Level 12.0 Conjurations
 - Level 14.0 Air Magic


You had 15 spell levels left.
You knew the following spells:

 Your Spells              Type           Power        Failure   Level
a - Shock                 Conj/Air       100%         1%          1
b - Swiftness             Air            55%          1%          2
c - Lightning Bolt        Conj/Air       26%          1%          5
d - Airstrike             Air            27%          1%          4

Your spell library contained the following spells:

 Spells                   Type           Power        Failure   Level
 Static Discharge         Conj/Air       53%          1%          3
 Animate Skeleton         Necr           14%          9%          1
 Pain                     Necr           28%          9%          1
 Fireball                 Conj/Fire      14%          22%         5
 Ignite Poison            Fire/Tmut/Pois 7%           26%         3
 Vampiric Draining        Necr           3%           26%         3
 Animate Dead             Necr           3%           65%         4
 Starburst                Conj/Fire      14%          75%         6
 Agony                    Necr           7%           94%         5
 Ignition                 Fire           3%           100%        8


Dungeon Overview and Level Annotations

Branches:
Dungeon (11/15)            Temple (1/1) D:6            Lair (0/6) D:10
    Orc: D:9-12

Altars:
Ashenzari
Cheibriados
Dithmenos
Elyvilon
Fedhas
Gozag
Hepliaklqana
Kikubaaqudgha
Makhleb
Nemelex Xobeh
Okawaru
Qazlal
Ru
Sif Muna
Trog
Uskayaw
Vehumet
Wu Jian
Xom
Yredelemnul
Zin
The Shining One

Shops:
D:5 (   D:10 :

Annotations:
D:8 Joseph
D:9 Erolcha
D:10 exclusion: orange crystal statue, Harold


Innate Abilities, Weirdness & Mutations

You have a beak for a mouth.
You have claws for feet.
You can fly continuously.


Message History

Something hits you. The vampire mosquito bites you.
The vampire mosquito draws strength from your injuries!
As you read the scroll labelled VUMENL GYTA, it crumbles to dust.
You feel strangely unstable.
It was a scroll of teleportation.
The vampire mosquito is no longer distracted by gold.
The vampire mosquito closely misses you.
The vampire mosquito bites you!
The vampire mosquito draws strength from your injuries!
Something hits you. The vampire mosquito bites you.
The vampire mosquito draws strength from your injuries!
You barely miss something. Your peck misses something.
Something completely misses you. The vampire mosquito barely misses you.
The vampire mosquito bites you!
* * * LOW HITPOINT WARNING * * *
The vampire mosquito draws strength from your injuries!
Something hits you!
* * * LOW HITPOINT WARNING * * *
The vampire mosquito bites you!
You die...
Your body crumbles into a pile of gold.

.#######################
........................
........................
........................
.........y@.............
≈..[..$..y..............
≈≈....####'##'##........
≈≈... #.)......#........
≈... #........#......##
P.. #......###......# ..
#......#........# ≈
..########........#
..................#


You could see 2 vampire mosquitoes.

Vanquished Creatures
  Erica (D:11)
  An unseen horror (D:11)
  A manticore (D:11)
  An ugly thing (D:11)
  Maurice (D:9)
  A troll (D:11)
  A wyvern (D:9)
  6 yaks (D:9)
  Grum (D:9)
  A vampire mosquito (D:11)
  A water moccasin (D:10)
  2 black bears
  6 orc warriors
  2 necrophages
  An ice beast (D:11)
  A hornet zombie (D:8)
  2 phantoms
  2 centaurs
  A boggart (D:8)
  4 wolves (D:9)
  6 ogres
  2 big kobolds
  8 bullfrogs
  A wyvern zombie (D:9)
  A wyvern skeleton (D:7)
  6 scorpions
  12 killer bees
  5 wights (D:7)
  5 howler monkeys
  2 bullfrog zombies
  A centaur zombie (D:5)
  A quasit (D:8)
  10 hounds
  2 bullfrog skeletons
  2 centaur skeletons
  A gnoll shaman (D:4)
  4 jellies
  4 orc priests
  5 orc wizards
  2 iguanas (D:8)
  7 worker ants
  3 hound zombies
  A hound skeleton (D:7)
  A mummy (D:7)
  3 worker ant zombies
  Robin (D:2)
  4 gnolls (D:4)
  A howler monkey skeleton (D:5)
  13 adders
  3 shadow imps
  A white imp (D:8)
  An ufetubus (D:9)
  An adder zombie (D:7)
  2 adder skeletons
  3 dart slugs
  3 leopard geckos
  23 orcs
  3 ball pythons
  2 giant cockroaches
  12 goblins
  18 hobgoblins
  29 jackals
  2 quokkas
  10 bats
  7 frilled lizards
  21 kobolds
  A quokka skeleton (D:9)
  A quokka zombie (D:6)
  8 rats
302 creatures vanquished.

Vanquished Creatures (others)
  10 fungi (D:10)
  12 plants (D:10)
  3 withered plants (D:7)
25 creatures vanquished.

Grand Total: 327 creatures vanquished

Notes
Turn   | Place    | Note
-------+----------+-------------------------------------------
     0 | D:1      | Marmelada11 the Tengu Air Elementalist began the quest for
                  | the Orb.
     0 | D:1      | Reached XP level 1. HP: 10/10 MP: 4/4
   431 | D:1      | Reached XP level 2. HP: 14/15 MP: 1/6
  1092 | D:1      | Reached XP level 3. HP: 2/19 MP: 2/7
  1430 | D:2      | Found a stormy altar of Qazlal.
  1430 | D:2      | Noticed Robin
  2079 | D:2      | Reached skill level 5 in Air Magic
  2171 | D:2      | Found a shadowy altar of Dithmenos.
  2298 | D:2      | Reached XP level 4. HP: 24/24 MP: 4/8
  2508 | D:2      | Killed Robin
  2978 | D:2      | Learned a level 2 spell: Swiftness
  2983 | D:2      | Learned a level 4 spell: Airstrike
  3530 | D:3      | Gained mutation: You can fly continuously. [Tengu growth]
  3530 | D:3      | Reached XP level 5. HP: 17/28 MP: 10/10
  4261 | D:4      | Reached skill level 6 in Air Magic
  4458 | D:4      | Reached XP level 6. HP: 32/32 MP: 7/11
  4467 | D:4      | Reached skill level 5 in Conjurations
  4908 | D:4      | Noticed a phantom
  5038 | D:4      | Killed a phantom
  5039 | D:4      | Reached skill level 7 in Air Magic
  5039 | D:4      | Reached XP level 7. HP: 36/36 MP: 7/13
  5198 | D:4      | Found a basalt altar of Yredelemnul.
  5198 | D:4      | Found a blossoming altar of Fedhas.
  5531 | D:4      | Found a bloodstained altar of Trog.
  5626 | D:5      | Entered Level 5 of the Dungeon
  6193 | D:5      | Found Meczaz's Weapon Emporium.
  6765 | D:6      | Reached skill level 8 in Air Magic
  6848 | D:6      | Reached XP level 8. HP: 41/41 MP: 10/15
  7093 | D:6      | Reached skill level 9 in Air Magic
  7205 | D:6      | Found a staircase to the Ecumenical Temple.
  7243 | Temple   | Entered the Ecumenical Temple
  7386 | Temple   | Became a worshipper of Gozag Ym Sagoz the Greedy
  7993 | D:6      | Learned a level 5 spell: Lightning Bolt
  8116 | D:6      | Found a blossoming altar of Fedhas.
  8443 | D:6      | You are sucked into a shaft and drop 3 floors!
  8452 | D:9      | Reached skill level 10 in Air Magic
  8749 | D:9      | Reached XP level 9. HP: 45/45 MP: 11/17
  8753 | D:9      | Reached skill level 5 in Spellcasting
  9214 | D:9      | Reached skill level 10 in Conjurations
  9483 | D:9      | Noticed Grum
  9496 | D:9      | Reached skill level 11 in Air Magic
  9502 | D:9      | Killed Grum
  9647 | D:9      | Noticed Maurice
 10053 | D:9      | Killed Maurice
 10179 | D:9      | Reached XP level 10. HP: 50/50 MP: 13/19
 10204 | D:9      | Reached skill level 12 in Air Magic
 11094 | D:9      | Noticed Erolcha
 11964 | D:8      | Reached skill level 13 in Air Magic
 12381 | D:8      | Noticed Joseph
 12949 | D:7      | Reached skill level 1 in Fighting
 14012 | D:7      | Got an iridescent trident
 14013 | D:7      | Identified the +4 trident "Abeggusch" {distort, *Corrode
                  | rPois rC+++} (You found it on level 7 of the Dungeon)
 14511 | D:10     | Entered Level 10 of the Dungeon
 14562 | D:10     | Found Esymn's Book Emporium.
 14690 | D:10     | Reached XP level 11. HP: 54/58 MP: 15/22
 14693 | D:10     | Reached skill level 14 in Air Magic
 15100 | D:10     | Found a staircase to the Lair.
 15647 | D:10     | Noticed Harold
 15844 | D:10     | Noticed an orange crystal statue
 16166 | D:11     | Killed an unseen horror
 16356 | D:11     | Noticed a manticore
 16359 | D:11     | Killed a manticore
 16488 | D:11     | Noticed Erica
 16645 | D:11     | Killed Erica
 16646 | D:11     | Reached skill level 5 in Fighting
 16816 | D:11     | Noticed a white ugly thing
 16824 | D:11     | Killed a white ugly thing
 17026 | D:11     | Slain by a vampire mosquito

Illustrated notes

Levels and vault maps discovered:
D:1:      scummos_arrival_checkerplants, layout_basic
D:2:      minmay_door_path, layout_rooms, nicolae_overflow_crystal_walls,
          grunt_qazlal_sundering, uniq_robin, uniq_crazy_yiuf_cottage
D:3:      layout_loops_corners, serial_glass, glass_columns_b, glass_columns_a,
          item_on_display_b, minmay_strange_pillars, feat_on_display,
          grunt_ministairs_3, chequers_decorated_corner
D:4:      layout_basic, lemuel_coloured_pillars_altar,
          gammafunk_temple_overflow_wave, kennysheep_generic_room_14
D:5:      layout_loops_ring, serial_shops, shop
D:6:      layout_cave_pools, minmay_temple_entry_enclosed_plants, st_stairs_12,
          fedhas_ov_isle_minmay
D:7:      layout_rooms, serial_undead, serial_undead_a, serial_undead_e,
          serial_undead_e, serial_undead_a
D:8:      layout_loops_ring, uniq_joseph
D:9:      layout_roguey, uniq_maggie, uniq_erolcha, uniq_grum, uniq_maurice
D:10:     layout_basic, grunt_lair_entry_orc_guard_hut, serial_shops, shop,
          minivault_16, uniq_harold
D:11:     layout_irregular_city, serial_shops, shop, pond, uniq_erica
Temple:   compressed_dpeg_circular_temple

Skill      XL: |  1  2  3  4  5  6  7  8  9 10 11 |
---------------+----------------------------------+-----
Conjurations   | 2 3 4 5 7 9 11 12 | 12.0
Air Magic      | 5 6 7 8 10 11 13 14 | 14.0
Spellcasting   | 3 4 5 7 8 |  8.6
Fighting       | 2 5 |  5.6
Dodging        | |  2.1
Stealth        | |  2.0

Action                   |  1- 3 |  4- 6 |  7- 9 | 10-12 || total
-------------------------+-------+-------+-------+-------++-------
Melee: Dagger            |     9 |    35 |    13 |    27 ||    84
       Unarmed           |     1 |       |       |       ||     1
       Kick              |     1 |     5 |     2 |     6 ||    14
       Peck              |     1 |     4 |     2 |     6 ||    13
 Cast: Shock             |    93 |   101 |   266 |   321 ||   781
       Airstrike         |       |     3 |    25 |    58 ||    86
       Lightning Bolt    |       |       |       |     9 ||     9
       Swiftness         |       |       |       |     5 ||     5
 Abil: Fly               |       |     1 |       |       ||     1
Evoke: Wand              |       |       |       |     1 ||     1
  Use: Scroll            |       |     4 |    12 |     3 ||    19
       Potion            |       |       |     2 |     1 ||     3
 Stab: Sleeping          |       |       |     2 |     1 ||     3
       Distracted        |       |       |       |     1 ||     1
Armor: Robe              |    10 |     9 |    10 |    14 ||    43
       Skin              |       |       |    14 |       ||    14
Dodge: Dodged            |    31 |    29 |    78 |   105 ||   243

Table legend: (Time is in decaauts)
 A = Elapsed time spent in this place.
 B = Non-inter-level travel time spent in this place.
 C = Inter-level travel time spent in this place.
 D = Time resting spent in this place.
 E = Time spent auto-exploring this place.
 F = Levels seen in this place.
 G = Mean time per level.
                   A        B        C        D        E       F      G
               +--------+--------+--------+--------+--------+-----+--------+
         Total |  16477 |  15878 |    599 |   6898 |   6713 |  12 | 1373.1 |
       Dungeon |  16316 |  15744 |    572 |   6898 |   6593 |  11 | 1483.3 |
        Temple |    161 |    134 |     27 |      0 |    120 |   1 |  161.0 |
               +--------+--------+--------+--------+--------+-----+--------+

Top non-repeatable levels by time:
     D:9: 2842 daAuts
     D:8: 1891 daAuts
     D:1: 1775 daAuts
     D:6: 1339 daAuts
    D:10: 1329 daAuts
     D:5: 1265 daAuts
     D:4: 1264 daAuts
     D:3: 1254 daAuts
     D:2: 1211 daAuts
    D:11: 1088 daAuts
     D:7: 1055 daAuts
  Temple: 161 daAuts
